 Dungeon Crawl Stone Soup version 0.30-a0-591-g3c58d2bc28 (webtiles) character file.

Game seed: 15567785219916746521

26079 drugrobin the Black Belt (level 12, 0/79 (82) HPs)
             Began as a Demigod Delver on Jan 5, 2023.
             Slain by a spectral death yak (15 damage)
             ... in a Gauntlet.
             The game lasted 01:03:33 (16395 turns).

drugrobin the Black Belt (Demigod Delver)          Turns: 16395, Time: 01:03:34

HP:   0/79 (82)     AC:  9    Str: 13    XL:     12   Next: 58%
MP:   14/15         EV: 18    Int: 16    God:
Gold: 344           SH:  0    Dex: 27    Spells: 1/11 levels left

rFire   . . .      SeeInvis .      - Unarmed
rCold   + + .      Faith    .    (no shield)
rNeg    . . .      Spirit   .    O - +0 troll leather armour
rPois   +          Reflect  .    (helmet currently unavailable)
rElec   +          Harm     .    v - +0 cloak
rCorr   +          Rampage  .    (no gloves)
Will    +....      NoTele   +    (boots currently unavailable)
Stlth   +++                      T - amulet of regeneration
HPRegen 1.93/turn                l - +4 ring of protection
MPRegen 0.14/turn                V - ring of ice

@: brilliant, appendages (expiring), resistant, hasted and slowed, lightly
drained
A: horns 2, talons 2, high MP 1, forlorn, divine attributes, frail 1
a: End Transformation


You were in a Gauntlet.
You had temporarily grown beastly horns and talons.
You visited 2 branches of the dungeon, and saw 15 of its levels.
You also visited: Gauntlet.

You collected 848 gold pieces.
You spent 504 gold pieces at shops.

Inventory:

Missiles
 k - 2 throwing nets
 w - 4 javelins
 F - 36 poisoned darts
 K - 9 boomerangs (quivered)
Armour
 i - a +2 helmet (melded)
 v - a +0 cloak (worn)
 O - a +0 troll leather armour (worn)
 Q - a +0 pair of boots (melded)
 W - a +1 robe of cold resistance
Magical Staves
 y - a staff of fire
Jewellery
 l - a +4 ring of protection (left hand)
 p - a ring of willpower
 A - a ring of resist corrosion
 B - a ring of see invisible
 T - an amulet of regeneration (around neck)
 U - a +4 ring of protection
 V - a ring of ice (right hand)
Wands
 f - a wand of digging (14)
 s - a wand of light (6)
 H - a wand of flame (20)
 L - a wand of roots (15)
 R - a wand of paralysis (3)
Scrolls
 b - 4 scrolls of fog
 c - a scroll of torment
 d - 2 scrolls of fear
 j - 4 scrolls of teleportation
 n - 2 scrolls of blinking
 q - 5 scrolls of poison
 t - 2 scrolls of immolation
 u - 3 scrolls of butterflies
 z - 3 scrolls of vulnerability
Potions
 e - a potion of haste
 h - 4 potions of attraction
 m - 3 potions of heal wounds
 o - a potion of brilliance
 x - 2 potions of mutation
 C - 3 potions of cancellation
 D - 4 potions of curing
 G - 2 potions of invisibility {unknown}
 N - 2 potions of ambrosia
 S - a potion of flight {unknown}
Miscellaneous
 g - a box of beasts


   Skills:
 + Level 4.7 Fighting
 + Level 7.2 Dodging
 - Level 4.5 Stealth
 * Level 17.5 Unarmed Combat
 + Level 3.6 Translocations
 - Level 4.0 Transmutations


You had one spell level left.
You knew the following spells:

 Your Spells              Type           Power      Damage    Failure   Level
a - Beastly Appendage     Tmut           38%        N/A       6%          1
b - Wereblood             Tmut           19%        N/A       10%         2
c - Spider Form           Tmut/Pois      9%         N/A       38%         3
d - Summon Small Mammal   Summ           0%         N/A       32%         1
e - Vhi's Electric Charg  Tloc/Air       16%        N/A       43%         3

Your spell library contained the following spells:

 Spells                   Type           Power      Damage    Failure   Level
 Apportation              Tloc           34%        N/A       8%          1
 Necrotise                Necr           0%         1d4       32%         1
 Manifold Assault         Tloc           17%        N/A       58%         4
 Call Canine Familiar     Summ           0%         N/A       67%         3
 Dazzling Flash           Conj/Hex       0%         N/A       67%         3
 Summon Guardian Golem    Hex/Summ       0%         N/A       67%         3
 Agony                    Necr           0%         N/A       100%        5
 Arcjolt                  Conj/Air       0%         1d10      100%        5
 Silence                  Hex/Air        0%         N/A       100%        5
 Dispersal                Tloc           8%         N/A       100%        6
 Summon Cactus Giant      Summ           0%         N/A       100%        6
 Haunt                    Necr/Summ      0%         N/A       100%        7
 Disjunction              Tloc           8%         N/A       100%        8
 Maxwell's Capacitive Co  Air            0%         ∞         100%        8


Dungeon Overview and Level Annotations

Branches:
Dungeon (11/15)            Temple (0/1) D:6            Lair (4/5) D:10
 Shoals (0/4) Lair:2        Snake (0/4) Lair:2          Orc (0/2) D:11
Gauntlet (1/1)
  Slime: Lair:4-5

Shops:
D:1 =   D:4 *=   D:11 =

Annotations:
D:4 Grinder
D:7 exclusion: hornet
D:11 2 runed translucent doors, Iich's ghost, journeyman DsBe
Lair:2 exclusion: hydra Gauntlet 7 transporters, exclusion: 2 lightning spires


Innate Abilities, Weirdness & Mutations

You have temporarily grown beastly horns and talons.
You have an increased reservoir of magic. (+10% MP)
You shall have no god before yourself.
Your divine heritage dramatically boosts your attributes as you level up.
You are frail. (-10% HP)


Message History

Unknown command.
Unknown command.
Unknown command.
You punch the spectral death yak!
You claw the spectral death yak, but do no damage.
The spectral death yak is lightly damaged.
The spectral death yak closely misses you.
The death scarab bites you.
The death scarab draws strength from your injuries!
Unknown command.
Unknown command.
Unknown command.
You punch the death scarab! You claw the death scarab.
You destroy the death scarab!
The spectral death yak gores you.
You feel drained.
Your life force feels restored.
Unknown command.
Unknown command.
You hit the spectral death yak.
You headbutt the spectral death yak, but do no damage.
The spectral death yak is lightly damaged.
Unknown command.
Unknown command.
You punch the spectral death yak!
You claw the spectral death yak, but do no damage.
You headbutt the spectral death yak, but do no damage.
You punch the spectral death yak.
The spectral death yak is heavily damaged.
The spectral death yak gores you!
* * * LOW HITPOINT WARNING * * *
You feel drained.
* * * LOW HITPOINT WARNING * * *
Unknown command.
Unknown command.
Unknown command.
You punch the spectral death yak!
You claw the spectral death yak, but do no damage.
The spectral death yak is heavily damaged.
The spectral death yak gores you!
You die...

......##...#......
########...###########..
#.©.#....≈....#.©.#.....
#...#.8.≈8≈.8.#...#.8...
#.©.#....≈....#.©.#...
########...##########
.......#...#....#..#
...P...#...#...#.†#
#P.P#..#####..#Z@# .#
PP.PP..#...#.#..#..#.#
..©....#©.©##.©#..#.©#.
.P.....#...#.#..#..#.#..
#..P#P.#####..#..#..##..
P...PP.#...#...#..#..#..
..§....#.8.#....#..#.#..
########...###########.
.......................


You could see a spectral death yak.

Vanquished Creatures
  Fannar (D:11)
  Harold (D:9)
  A hydra (Lair:3)
  A catoblepas (D:11)
  A two-headed ogre (D:11)
  A death scarab (Gauntlet)
  2 boulder beetles
  A salamander (Lair:2)
  2 cyclopes
  An ugly thing (D:11)
  A cyclops (shapeshifter) (Gauntlet)
  5 elephants (Lair:3)
  2 black mambas (Lair:3)
  Maurice (D:11)
  A gargoyle (D:10)
  6 cane toads
  Maggie (D:9)
  2 komodo dragons
  A merfolk (Lair:2)
  3 polar bears
  Prince Ribbit (Lair:3)
  2 trolls (D:9)
  6 blink frogs
  A shadow (D:11)
  18 yaks
  Sigmund (D:3)
  A wyvern (Lair:2)
  3 centaur simulacra (Gauntlet)
  A basilisk (D:11)
  3 wraiths
  2 steam dragons
  Edmund (D:4)
  2 two-headed ogre zombies (D:11)
  4 water moccasins
  5 orc warriors
  3 ice beasts
  A black bear (D:6)
  5 centaurs
  2 ogres
  15 wolves
  4 kobold brigands
  2 phantoms
  6 bullfrogs
  13 wights
  3 scorpions
  A troll zombie (D:11)
  9 killer bees
  5 electric eels (D:11)
  2 howler monkeys
  2 lava snakes (Lair:2)
  A wyvern simulacrum (Gauntlet)
  7 hounds
  A jelly (D:5)
  6 orc priests
  Crazy Yiuf (D:3)
  A gnoll bouda (D:8)
  Jessica (D:3)
  4 iguanas
  12 orc wizards
  5 ogre zombies (D:11)
  Robin (D:2)
  8 gnolls
  9 adders
  A white imp (D:3)
  2 ufetubi
  3 worms
  2 dart slugs
  33 orcs
  7 bats
  5 endoplasms
  7 giant cockroaches
  14 goblins
  8 hobgoblins
  4 quokkas
  9 ball pythons
  4 frilled lizards
  A goblin skeleton (D:11)
  2 goblin zombies (D:11)
  3 hobgoblin skeletons (D:11)
  6 hobgoblin zombies (D:11)
  19 kobolds
  5 orc skeletons (D:11)
  8 orc zombies (D:11)
  4 rats
363 creatures vanquished.

Vanquished Creatures (others)
  16 fungi
  32 plants
  14 withered plants (Gauntlet)
62 creatures vanquished.

Grand Total: 425 creatures vanquished

Notes
Turn   | Place    | Note
-------+----------+-------------------------------------------
     0 | D:5      | drugrobin the Demigod Delver began the quest for the Orb.
     0 | D:5      | Reached XP level 1. HP: 18/18 MP: 3/3
     5 | D:5      | Noticed a hound
    29 | D:5      | Noticed a scorpion
    57 | D:5      | Noticed an ice beast
    67 | D:5      | Noticed a hound
    92 | D:5      | Noticed a phantom
   121 | D:5      | Noticed a scorpion
   250 | D:5      | Killed a hound
   251 | D:5      | Reached skill level 3 in Unarmed Combat
   251 | D:5      | Reached XP level 2. HP: 12/25 MP: 4/4
   530 | D:5      | bro... where in the fuck are these stairs
   541 | D:5      | Noticed an orc warrior
   546 | D:4      | thanks bro
   608 | D:4      | Reached XP level 3. HP: 22/30 MP: 5/5
   650 | D:4      | Found Uluzxeixy's Jewellery Emporium.
   702 | D:4      | Found Zeplop's Gadget Gallery.
   788 | D:3      | Noticed Grinder
   965 | D:3      | Noticed Jessica
   970 | D:3      | Killed Jessica
   971 | D:3      | Reached skill level 4 in Unarmed Combat
  1090 | D:2      | Reached XP level 4. HP: 27/37 MP: 6/6
  1423 | D:1      | Found Ziuxa's Jewellery Shoppe.
  1862 | D:1      | Learned a level 1 spell: Beastly Appendage
  1897 | D:1      | Learned a level 2 spell: Wereblood
  2253 | D:2      | Noticed Robin
  2678 | D:2      | Killed Robin
  2782 | D:3      | Noticed Sigmund
  3056 | D:3      | Reached XP level 5. HP: 41/42 MP: 7/7
  3154 | D:3      | Found a runed translucent door.
  3155 | D:3      | Noticed Crazy Yiuf
  3563 | D:4      | Reached skill level 5 in Unarmed Combat
  3563 | D:4      | Reached skill level 1 in Transmutations
  3769 | D:4      | Noticed Edmund
  3850 | D:4      | Killed Edmund
  3851 | D:4      | Reached XP level 6. HP: 22/50 MP: 8/8
  4174 | D:4      | Reached skill level 6 in Unarmed Combat
  4828 | D:4      | Bought a wand of flame (12) for 84 gold pieces
  4894 | D:5      | Reached XP level 7. HP: 46/56 MP: 9/9
  5265 | D:5      | Reached skill level 7 in Unarmed Combat
  5891 | D:4      | Reached skill level 8 in Unarmed Combat
  6046 | D:4      | Paralysed by Grinder for 5 turns
  6109 | D:3      | Killed Sigmund
  6110 | D:3      | Reached XP level 8. HP: 59/62 MP: 10/10
  6181 | D:3      | Killed Crazy Yiuf
  6431 | D:6      | Found a staircase to the Ecumenical Temple.
  6725 | D:6      | Reached skill level 9 in Unarmed Combat
  6825 | D:6      | Learned a level 3 spell: Spider Form
  7221 | D:6      | Reached skill level 10 in Unarmed Combat
  7343 | D:6      | Gained mutation: You are frail. (-10% HP) [mutagenic glow]
  7925 | D:7      | Noticed a hornet
  8843 | D:8      | Reached XP level 9. HP: 61/61 MP: 8/11
  8962 | D:8      | Reached skill level 11 in Unarmed Combat
  9256 | D:8      | Reached skill level 12 in Unarmed Combat
  9382 | D:8      | Noticed a cyclops
  9396 | D:8      | Killed a cyclops
  9795 | D:8      | Learned a level 1 spell: Summon Small Mammal
 10274 | D:1      | Bought an amulet of regeneration for 420 gold pieces
 10493 | D:9      | Noticed Maggie
 10578 | D:9      | Reached skill level 13 in Unarmed Combat
 10619 | D:9      | Reached XP level 10. HP: 66/66 MP: 8/13
 10749 | D:9      | Killed Maggie
 11066 | D:10     | Entered Level 10 of the Dungeon
 11098 | D:10     | Noticed a cyclops
 11108 | D:10     | Killed a cyclops
 11233 | D:10     | Noticed Harold
 11258 | D:10     | Reached skill level 14 in Unarmed Combat
 11351 | D:9      | Killed Harold
 11547 | D:10     | Found a staircase to the Lair.
 12000 | D:11     | Noticed a boulder beetle
 12038 | D:11     | Killed a boulder beetle
 12039 | D:11     | Reached skill level 15 in Unarmed Combat
 12418 | D:11     | Found a staircase to the Orcish Mines.
 12497 | D:11     | Found Bososooz's Jewellery Shoppe.
 12601 | D:11     | Reached XP level 11. HP: 60/72 MP: 14/14
 12642 | D:11     | Noticed a two-headed ogre
 12761 | D:11     | Noticed Maurice
 12776 | D:11     | Killed Maurice
 12828 | D:11     | Killed a two-headed ogre
 12928 | D:11     | Noticed Iich's ghost (journeyman DsBe)
 12928 | D:11     | Noticed a skeletal warrior
 12930 | D:11     | Noticed a lich
 12930 | D:11     | Noticed a boulder beetle
 12931 | D:11     | Noticed a stone giant
 12931 | D:11     | Noticed a skeletal warrior
 12932 | D:11     | Noticed a necromancer
 12957 | D:11     | Noticed a catoblepas
 12974 | D:11     | Noticed a fire dragon
 13010 | D:11     | Killed a catoblepas
 13057 | D:11     | Found a runed translucent door.
 13067 | D:11     | Found a runed translucent door.
 13140 | D:11     | Noticed Fannar
 13204 | D:11     | Killed Fannar
 13434 | Lair:1   | Entered Level 1 of the Lair of Beasts
 13461 | Lair:1   | Reached skill level 16 in Unarmed Combat
 13520 | Lair:1   | Got Ihuex's Atlas of the Commander
 13660 | Lair:1   | Reached skill level 5 in Dodging
 14444 | Lair:2   | Found a staircase to the Snake Pit.
 14536 | Lair:2   | Noticed an eight-headed hydra
 14834 | Lair:2   | Learned a level 3 spell: Vhi's Electric Charge
 15010 | Lair:2   | Reached skill level 1 in Translocations
 15050 | Lair:2   | Found a staircase to the Shoals.
 15305 | Lair:3   | Reached XP level 12. HP: 79/80 MP: 13/15
 15475 | Lair:3   | Reached skill level 17 in Unarmed Combat
 15563 | Lair:3   | Noticed a boulder beetle
 15589 | Lair:3   | Killed a boulder beetle
 15709 | Lair:3   | Noticed Prince Ribbit
 15717 | Lair:3   | Killed Prince Ribbit
 15899 | Lair:3   | Noticed a five-headed hydra
 15922 | Lair:3   | Killed a five-headed hydra
 16072 | Lair:3   | You fall into a shaft and drop 1 floor!
 16129 | Lair:4   | Found a gate leading to a gauntlet.
 16138 | Gauntlet | Entered a Gauntlet
 16138 | Gauntlet | Found a transporter.
 16138 | Gauntlet | Found a transporter.
 16138 | Gauntlet | Found a transporter.
 16140 | Gauntlet | Found a transporter.
 16147 | Gauntlet | Found a transporter.
 16163 | Gauntlet | Found a transporter.
 16171 | Gauntlet | Found a transporter.
 16175 | Gauntlet | Found a transporter.
 16179 | Gauntlet | Found a transporter.
 16198 | Gauntlet | Found a transporter.
 16217 | Gauntlet | Found a transporter.
 16292 | Gauntlet | HP: 4/123 [centaur warrior simulacrum (13)]
 16384 | Gauntlet | Found a transporter.
 16395 | Gauntlet | Slain by a spectral death yak

Illustrated notes

####....o
~≈≈#≈#... #.#
≈≈≈≈≈# .. #.#
#≈#≈≈##..# #.#
≈≈≈≈≈≈#..# #.#
≈≈≈≈#≈~..# #.#
#≈≈≈≈#~..# #.#
≈≈#≈≈#...# #.#
#≈≈##~..########@#
##~#........l....#
.........#########
.######### ##


Turn 530 on D:5: bro... where in the fuck are these stairs # #####..###
#.@....... #......... #......... .......... ..........= ...........#
..........### .!........## Turn 546 on D:4: thanks bro

Levels and vault maps discovered:
D:1:      ncdulo_lavacross, layout_basic, serial_shops,
          nicolae_shop_temple_entry_statues_fountains
D:2:      layout_basic, basic_altar, ebering_ecumenical_altar_mist,
          hangedman_decor_clover_reticule, uniq_robin
D:3:      layout_basic, mainiacjoe_overflow_catwalk, uniq_grinder, uniq_sigmund,
          uniq_jessica, uniq_crazy_yiuf_cottage
D:4:      layout_cave_pods, lemuel_tele_altar,
          mainiacjoe_overflow_six_doors_small, serial_shops, nicolae_shop_stone,
          nicolae_shop_gadgets, uniq_edmund
D:5:      layout_loops_ring, nicolae_overflow_hallway_of_the_gods,
          mainiacjoe_overflow_24_doors, minivault_4
D:6:      layout_gridville, minmay_temple_entry_butterflies
D:7:      layout_layer_cave, kennysheep_orc_sif_temple,
          mainiacjoe_overflow_boulevard
D:8:      layout_loops_ring, chequers_serial_rivers_micro_a, minmay_small_thing
D:9:      layout_big_octagon, grunt_ministairs_7, uniq_maggie
D:10:     layout_cave_pools, mainiacjoe_overflow_divided_tiny,
          david_lair_shrubbed, chequers_serial_rivers_micro_a,
          nicolae_figureground_sparkle, uniq_harold
D:11:     layout_basic, zombieorc2_lemuel, serial_shops,
          nicolae_shop_competitors_out_of_business,
          muffindrake_ghost_dual_entry, uniq_maurice, uniq_fannar
Lair:1:   layout_concentric_octagons
Lair:2:   layout_misc_corridors, elwin_shoals_entry_rooms,
          nicolae_snake_entry_warm_welcome, lemuel_fruit_tree,
          infiniplex_staircase_pool
Lair:3:   wander_river, layout_long_grid, nzn_sisyphean_effort,
          uniq_prince_ribbit2
Lair:4:   layout_cave_pods, portal_ice_cave_entry_ice_simulacra,
          gauntlet_entry_generic
Gauntlet: gammafunk_gauntlet_shortcut [nicolae_gauntlet_arena_flowing_pool,
          gammafunk_gauntlet_arena_split_diamond, nicolae_gauntlet_arena_x,
          gammafunk_gauntlet_arena_hedges,
          gammafunk_gauntlet_arena_arrow_garden,
          gammafunk_gauntlet_arena_corners, dreamdust_gauntlet_exit_labyrinth]

Skill      XL: |  1  2  3  4  5  6  7  8  9 10 11 12 |
---------------+-------------------------------------+-----
Unarmed Combat | 3 4 5 6 8 10 13 15 16 17 | 17.5
Transmutations | 2 3 4 |  4.0
Dodging        | 2 6 7 |  7.2
Fighting       | 3 4 |  4.7
Translocations | 1 3 |  3.6
Stealth        | |  4.5

Action                   |  1- 3 |  4- 6 |  7- 9 | 10-12 || total
-------------------------+-------+-------+-------+-------++-------
Melee: Unarmed           |    77 |   308 |   340 |   696 ||  1421
       Punch             |     1 |    11 |    14 |    68 ||    94
       Kick              |       |    28 |    42 |   134 ||   204
       Headbutt          |       |    12 |    23 |    71 ||   106
Throw: Dart              |    13 |    10 |     5 |     3 ||    31
       Boomerang         |     2 |    20 |     9 |    18 ||    49
       Throwing net      |       |     1 |       |     1 ||     2
 Cast: Beastly Appendage |       |    13 |    26 |    34 ||    73
       Spider Form       |       |       |    10 |    23 ||    33
       Summon Small Mamm |       |       |     3 |     5 ||     8
       Wereblood         |       |       |     2 |     2 ||     4
       Vhi's Electric Ch |       |       |       |     3 ||     3
Evoke: Wand              |       |       |     6 |    18 ||    24
  Use: Potion            |     1 |       |       |     5 ||     6
       Scroll            |       |     1 |       |    21 ||    22
 Stab: Sleeping          |     4 |     7 |    11 |     5 ||    27
       Held in net/web   |       |     1 |       |     1 ||     2
       Invisible         |       |       |     3 |       ||     3
       Distracted        |       |       |       |     2 ||     2
Armor: Leather armour    |    30 |    52 |    27 |       ||   109
       Scale mail        |       |    67 |    67 |       ||   134
       Troll leather arm |       |       |    16 |   110 ||   126
       Skin              |       |       |     1 |    27 ||    28
Dodge: Dodged            |    37 |   150 |   185 |   459 ||   831

Table legend: (Time is in decaauts)
 A = Elapsed time spent in this place.
 B = Non-inter-level travel time spent in this place.
 C = Inter-level travel time spent in this place.
 D = Time resting spent in this place.
 E = Time spent auto-exploring this place.
 F = Levels seen in this place.
 G = Mean time per level.
                   A        B        C        D        E       F      G
               +--------+--------+--------+--------+--------+-----+--------+
         Total |  16199 |  15234 |    965 |   1191 |   8972 |  16 | 1012.4 |
       Dungeon |  13296 |  12393 |    903 |   1117 |   7214 |  11 | 1208.7 |
          Lair |   2653 |   2592 |     61 |     38 |   1757 |   4 |  663.2 |
      Gauntlet |    249 |    249 |      0 |     36 |      0 |   1 |  249.0 |
               +--------+--------+--------+--------+--------+-----+--------+

Top non-repeatable levels by time:
     D:5: 1818 daAuts
     D:4: 1663 daAuts
     D:7: 1372 daAuts
    D:11: 1372 daAuts
     D:8: 1347 daAuts
     D:3: 1227 daAuts
     D:1: 1025 daAuts
     D:6: 1024 daAuts
  Lair:2: 955 daAuts
  Lair:1: 891 daAuts
    D:10: 872 daAuts
     D:2: 840 daAuts
  Lair:3: 744 daAuts
     D:9: 732 daAuts
Gauntlet: 249 daAuts
